 Dungeon Crawl Stone Soup version 0.27.0-1-g7a089689b8 (webtiles) character file.

Game seed: 18351470993867538458

56 PewDiePie the Grasshopper (level 3, -3/18 HPs)
             Began as a Spriggan Warper on Aug 5, 2021.
             Slain by a gnoll (5 damage)
             ... on level 3 of the Dungeon.
             The game lasted 00:09:34 (6229 turns).

PewDiePie the Grasshopper (Spriggan Warper)         Turns: 6229, Time: 00:09:35

Health: -3/18      AC:  4    Str:  7    XL:     3   Next: 71%
Magic:  8/8        EV: 18    Int: 15    God:
Gold:   48         SH:  0    Dex: 14    Spells: 6/8 levels left

rFire    + . .     SeeInvis +   c - staff of fire
rCold    . . .     Faith    .   (shield currently unavailable)
rNeg     . . .     Spirit   .   b - +2 robe
rPois    .         Reflect  .   (helmet restricted)
rElec    .         Harm     .   (no cloak)
rCorr    .         Rampage  .   (gloves unavailable)
Will     .....                  (boots unavailable)
Stlth    ++........             (no amulet)
HPRegen  0.06/turn              (no ring)
MPRegen  0.11/turn              (no ring)

@: very quick
A: very small, no large weapons, unfitting armour, see invisible, speed 3
a: no special abilities


You were on level 3 of the Dungeon.
You visited 1 branch of the dungeon, and saw 3 of its levels.

You collected 48 gold pieces.

Inventory:

Hand Weapons
 a - a +0 hand axe
Missiles
 d - 5 boomerangs of dispersal
 f - 7 poisoned darts (quivered)
 h - 7 curare-tipped darts
Armour
 b - a +2 robe (worn)
 i - a +1 pair of boots of rampaging
Magical Staves
 c - a staff of fire (weapon)
Scrolls
 g - a scroll of blinking
 k - a scroll of teleportation {unknown}
 l - a scroll of noise {unknown}
Potions
 e - a potion of cancellation {unknown}
 j - a potion of degeneration {unknown}


   Skills:
 + Level 1.9 Fighting
 + Level 2.1 Axes
 + Level 0.2 Staves
 + Level 1.1 Throwing
 + Level 3.6 Dodging
 + Level 1.3 Stealth
 + Level 3.2 Spellcasting
 + Level 4.7 Translocations


You had 6 spell levels left.
You knew the following spells:

 Your Spells              Type           Power      Damage    Failure   Level
a - Blink                 Tloc           N/A        N/A       4%          2

Your spell library contained the following spells:

 Spells                   Type           Power      Damage    Failure   Level
 Gell's Gravitas          Tloc           8%         N/A       9%          3
 Lesser Beckoning         Tloc           8%         N/A       9%          3
 Teleport Other           Tloc           16%        N/A       9%          3
 Slow                     Hex            2%         N/A       30%         2
 Confusing Touch          Hex            2%         N/A       52%         3
 Vampiric Draining        Necr           1%         2d6       52%         3
 Manifold Assault         Tloc           16%        N/A       61%         5


Dungeon Overview and Level Annotations

Branches:
Dungeon (3/15)

Altars:
Uskayaw


Innate Abilities, Weirdness & Mutations

You are very small and have problems with some larger weapons.
You are too small for most types of armour.
You have supernaturally acute eyesight. (SInv)
You cover ground extremely quickly. (Speed+++)


Message History

Aim: a gnoll, wielding a +0 flail (poisoned, 61% to hit)
You throw a poisoned dart. The poisoned dart hits the gnoll.
The gnoll looks even sicker.
Throw: 12 darts (poison)
Press: ? - help, Q - select action, (/) - cycle Shift-Dir - straight line, f/p - gnoll
Aim: a gnoll, wielding a +0 flail (lightly wounded, very poisoned, 61% to hit)
You throw a poisoned dart. The poisoned dart hits the gnoll.
The gnoll is poisoned.
Throw: 11 darts (poison)
Press: ? - help, Q - select action, (/) - cycle Shift-Dir - straight line, f/p - gnoll
Aim: a gnoll, wielding a +0 flail (moderately wounded, very poisoned, 61% to hit)
You throw a poisoned dart.
The poisoned dart closely misses the gnoll.
The poisoned dart completely misses the gnoll.
The gnoll hits you from afar with a +0 spear.
Unknown command.
Throw: 10 darts (poison)
Press: ? - help, Q - select action, (/) - cycle Shift-Dir - straight line, f/p - gnoll
Aim: a gnoll, wielding a +0 flail (moderately wounded, very poisoned, 61% to hit)
You throw a poisoned dart.
The poisoned dart closely misses the gnoll.
The gnoll hits you from afar with a +0 spear.
Throw: 9 darts (poison)
Press: ? - help, Q - select action, (/) - cycle Shift-Dir - straight line, f/p - gnoll
Aim: a gnoll, wielding a +0 flail (heavily wounded, very poisoned, 61% to hit)
You throw a poisoned dart.
The poisoned dart barely misses the gnoll.
The poisoned dart hits the gnoll.
The gnoll looks even sicker.
The gnoll is moderately wounded.
The gnoll hits you from afar with a +0 spear.
The gnoll hits you from afar with a +0 spear!
Ouch! That really hurt!
* * * LOW HITPOINT WARNING * * *
Throw: 8 darts (poison)
Press: ? - help, Q - select action, (/) - cycle Shift-Dir - straight line, f/p - gnoll
Aim: a gnoll, wielding a +0 flail (heavily wounded, very poisoned, 61% to hit)
You throw a poisoned dart. The poisoned dart hits the gnoll.
The gnoll is heavily wounded.
The gnoll hits you from afar with a +0 spear.
You die...

#..########
#..# #..#
#..# #..#
#..# #.(#
#..# #g@#
#..# #gg#
#.(# #..#
..(# #.##
..


You could see 3 gnolls.

Vanquished Creatures
  2 adders
  2 dart slugs
  An orc (D:3)
  A bat (D:1)
  3 endoplasms (D:2)
  2 giant cockroaches
  A goblin (D:2)
  5 hobgoblins
  A jackal (D:3)
  2 quokkas
  5 ball pythons
  A frilled lizard (D:2)
  4 kobolds
  A rat (D:3)
31 creatures vanquished.

Notes
Turn   | Place    | Note
-------+----------+-------------------------------------------
     0 | D:1      | PewDiePie the Spriggan Warper began the quest for the Orb.
     0 | D:1      | Reached XP level 1. HP: 10/10 MP: 5/5
   944 | D:2      | Identified a scroll of acquirement
   944 | D:2      | Acquired a staff of fire
   954 | D:2      | Reached XP level 2. HP: 3/15 MP: 6/6
  2497 | D:2      | Learned a level 2 spell: Blink
  2877 | D:2      | Reached XP level 3. HP: 4/18 MP: 5/8
  3582 | D:2      | Reached skill level 1 in Stealth
  4142 | D:2      | Found a faded altar of an unknown god.
  6099 | D:3      | Found a hide-covered altar of Uskayaw.
  6229 | D:3      | Slain by a gnoll

Illustrated notes

Levels and vault maps discovered:
D:1:      dpeg_arrival_arbitrary_b, layout_rooms
D:2:      layout_loops_ring, hellmonk_ecumenical_altar_inner_sanctum
D:3:      layout_loops_ring, nicolae_uskayaw_suspiria, st_stairs_12,
          minmay_tree_intersection

Skill      XL: |  1  2  3 |
---------------+----------+-----
Axes           | 2 |  2.1
Spellcasting   | 3 |  3.2
Stealth        | 1 |  1.3
Fighting       | |  1.9
Staves         | |  0.2
Throwing       | |  1.1
Dodging        | |  3.6
Translocations | |  4.7

Action                   || total
-------------------------++-------
Melee: Hand axe          ||    40
       Staff             ||   102
Throw: Dart              ||    43
 Cast: Blink             ||     9
  Use: Potion            ||     4
       Scroll            ||     5
 Stab: Sleeping          ||     1
Armor: Robe              ||    26
Dodge: Dodged            ||   202
